 Dungeon Crawl Stone Soup version 0.25-a0-975-gcae8493d64 (webtiles) character file.

Game seed: 10282525265599610769, levelgen mode: deterministic

134299 Flugslaktarn the Severer (level 16, 56/152 HPs)
             Began as a Minotaur Fighter on May 9, 2020.
             Was an Initiate of Gozag.
             Quit the game on level 2 of the Shoals.
             The game lasted 00:14:44 (29208 turns).

Flugslaktarn the Severer (Minotaur Fighter)        Turns: 29208, Time: 00:14:45

Health: 56/152     AC: 34    Str: 23    XL:     16   Next: 32%
Magic:  15/15      EV:  9    Int:  5    God:    Gozag
Gold:   597        SH: 14    Dex: 15    Spells: 15/15 levels left

rFire    + . .     SeeInvis +   C - +3 war axe (flame)
rCold    . . .     Gourm    .   s - +0 kite shield
rNeg     . . .     Faith    .   z - +2 crystal plate armour
rPois    +         Spirit   .   (helmet restricted)
rElec    .         Reflect  .   j - +0 cloak
rCorr    .         Harm     .   p - +1 pair of gloves
MR       ++...                  k - +2 pair of boots
Stlth    ..........             (no amulet)
HPRegen  0.35/turn              o - ring of poison resistance
MPRegen  0.14/turn              n - ring of Peovoe {rF+ MR+ SInv}

@: afraid
A: retaliatory headbutt, horns 2
}: 1/15 runes: serpentine
a: Potion Petition, Call Merchant, Bribe Branch, Renounce Religion


You were on level 2 of the Shoals.
You worshipped Gozag.
Gozag was pleased with you.
You were not hungry.

You visited 5 branches of the dungeon, and saw 23 of its levels.

You collected 8123 gold pieces.
You spent 4139 gold pieces at shops.
You paid 3387 gold pieces to Gozag.

Inventory:

Hand Weapons
 A - a +0 short sword of distortion
   (You took it off an orc on level 9 of the Dungeon)
 C - a +3 war axe of flaming (weapon)
   (You found it on level 10 of the Dungeon)
Missiles
 u - 15 curare-tipped darts (quivered)
 I - 2 throwing nets
Armour
 j - a +0 cloak (worn)
   (You took it off Crazy Yiuf on level 5 of the Dungeon)
 k - a +2 pair of boots (worn)
   (You found it on level 8 of the Dungeon)
 p - a +1 pair of gloves (worn)
   (You found it on level 7 of the Dungeon)
 s - a +0 kite shield (worn)
 z - a +2 crystal plate armour (worn)
   (You bought it in a shop on level 2 of the Orcish Mines)
Jewellery
 c - an uncursed ring of protection from cold
   (You found it on level 7 of the Dungeon)
 f - an uncursed ring of protection from fire
   (You found it on level 2 of the Lair of Beasts)
 i - an uncursed ring of see invisible
   (You found it on level 2 of the Lair of Beasts)
 n - the ring of Peovoe (right hand) {rF+ MR+ SInv}
   (You bought it in a shop on level 2 of the Orcish Mines)

   [ring of see invisible]

   It protects you from fire.
   It affects your resistance to hostile enchantments.
   It lets you see invisible.
 o - a ring of poison resistance (left hand)
   (You bought it in a shop on level 2 of the Orcish Mines)
 H - an uncursed ring of ice
   (You found it on level 5 of the Dungeon)
Wands
 l - a wand of clouds (8)
   (You found it on level 7 of the Dungeon)
 v - a wand of digging (7)
   (You found it on level 7 of the Dungeon)
 B - a wand of enslavement (7)
   (You found it on level 9 of the Dungeon)
Scrolls
 a - 2 scrolls of fear
 r - 2 scrolls of identify
 x - 7 scrolls of remove curse
 E - a scroll of vulnerability
 F - a scroll of brand weapon
Potions
 b - a potion of lignification
 d - a potion of berserk rage
 h - 3 potions of haste
 m - 2 potions of ambrosia
 w - a potion of heal wounds
 y - 2 potions of magic
 D - 2 potions of cancellation
 G - 3 potions of mutation
 J - a potion of invisibility
Comestibles
 e - 2 rations


   Skills:
 + Level 16.3 Fighting
 - Level 19.0 Axes
 + Level 16.4 Armour
 + Level 8.1 Dodging
 - Level 15.0 Shields


You had 15 spell levels left.
You didn't know any spells.
Your spell library was empty.

Dungeon Overview and Level Annotations

Branches:
Dungeon (10/15)            Temple (0/1) D:4            Lair (5/6) D:8
 Shoals (2/4) Lair:4        Snake (4/4) Lair:2        Slime (0/5) Lair:5
    Orc (2/2) D:10            Elf (0/3) Orc:2

Altars:
Cheibriados
Elyvilon
Fedhas
Gozag
Kikubaaqudgha
Makhleb
Nemelex Xobeh
Uskayaw
Wu Jian
Xom
The Shining One
Jiyva

Shops:
D:4 [   Orc:1 !   Orc:2 =[[!%[

Annotations:
D:3 3 runed translucent doors, Yorgos's ghost, amateur GnFi
Lair:1 exclusion: 2 oklob plants
Lair:5 1 runed translucent door
Snake:3 2 runed translucent doors, Ecerph's ghost, journeyman MiAK


Innate Abilities, Weirdness & Mutations

You reflexively headbutt those who attack you in melee.
You have a pair of horns on your head.


Message History

The merfolk hits you from afar with a +0 trident.
Things that are here:
2 large rocks; an arrow The satyr plays a lulling melody on his pipes!
You fall asleep.
The water elemental hits you!!
You wake up.
You block the merfolk impaler's attack.
The merfolk siren chants a haunting song.
You easily resist.
The cyclops throws a large rock.
You block the large rock.
The cyclops throws a large rock.
The large rock barely misses you.
The satyr plays a frightful melody on his pipes!
The satyr radiates an aura of fear!
You are terrified of the satyr!
The merfolk completely misses you.
The merfolk impaler hits you but does no damage.
The merfolk hits you from afar with a +0 trident.
You see here a large rock.
You cannot move closer to the satyr!
Unknown command.
Are you sure you want to abandon this character and quit the game? (Confirm with "yes".)

.≈≈≈≈. #.≈≈≈.≈≈≈≈
.≈≈≈≈.###.≈≈..≈≈≈≈≈
≈≈≈≈≈..#>.≈≈(≈.≈≈≈≈
≈≈≈≈≈.......≈≈≈≈≈≈≈
≈≈≈≈........≈≈≈≈≈≈≈
........#(.≈≈≈.≈≈≈≈
#..c........≈≈≈≈.≈≈
#......(..(m..≈≈..≈
...≈≈...<@(mm.m.≈≈≈
.≈≈≈≈....$EmH..≈≈≈≈
≈≈≈≈≈≈......PP.P≈≈≈
≈≈≈≈≈≈.....CPP.#PP≈
≈≈≈≈≈≈..CCP.m### PP
≈≈≈≈≈≈≈.CCC##E. P
≈≈≈≈≈≈≈>...#


E.C ≈≈≈≈≈≈..... E..P ≈≈≈......# .P You could see a merfolk impaler, a satyr
(scary), a merfolk aquamancer, 3 merfolk, a manticore, 6 cyclopes, 3 water
elementals and a merfolk siren.

Vanquished Creatures
  Kirke (Lair:3)
  11 nagarajas (Snake:4)
  Nessos (Lair:4)
  The ghost of Abmis123 the Covert, a journeyman OpWn of Ru (Lair:4)
  Josephine (Lair:4)
  25 naga warriors
  Harold (D:8)
  4 hydras
  2 anacondas
  6 death yaks (Lair:5)
  17 two-headed ogres
  5 ogre magi
  18 naga sharpshooters
  3 shock serpents
  2 salamander mystics
  2 unseen horrors (D:10)
  6 naga ritualists (Snake:4)
  A mana viper (Snake:4)
  An orc knight (Orc:2)
  2 orc sorcerers
  8 salamanders
  Psyche (D:8)
  6 elephants (Lair:5)
  14 black mambas
  10 naga magi
  10 guardian serpents
  8 spiny frogs
  4 komodo dragons
  A rime drake (Lair:4)
  4 trolls
  Grinder (D:6)
  2 meliai (Lair:4)
  A queen bee (Lair:4)
  5 hornets
  A snapping turtle (Shoals:1)
  8 blink frogs
  8 hippogriffs
  3 wyverns
  Eustachio (D:6)
  4 wraiths (Lair:4)
  3 hogs
  A basilisk (Lair:5)
  A hungry ghost (D:10)
  Menkaure (D:6)
  Edmund (D:6)
  51 nagas
  2 soldier ants
  3 water moccasins
  5 porcupines
  A hornet zombie (D:8)
  4 sky beasts
  11 orc warriors
  2 ice beasts
  5 phantoms
  34 ogres
  2 centaurs
  8 crocodiles
  A big kobold (D:9)
  15 bullfrogs
  A wyvern skeleton (D:8)
  3 scorpions
  A troll zombie (D:10)
  17 killer bees
  7 wights
  2 electric eels
  2 crimson imps
  A lava snake (Lair:4)
  A bullfrog zombie (D:5)
  A quasit (D:9)
  2 jellies
  3 centaur skeletons
  A gnoll shaman (Orc:2)
  8 hounds
  11 orc wizards
  Crazy Yiuf (D:5)
  3 bullfrog skeletons
  8 orc priests
  2 iguanas
  15 worker ants
  5 ogre zombies (D:10)
  2 hound skeletons
  A mummy (D:4)
  2 worker ant zombies
  A howler monkey zombie (D:5)
  4 gnolls (Orc:2)
  6 adders
  An ooze (D:4)
  An adder skeleton (D:4)
  An adder zombie (D:6)
  2 worms (D:3)
  2 leopard geckos
  55 orcs
  4 giant cockroaches
  4 goblins
  5 hobgoblins
  7 jackals (D:3)
  3 quokkas
  4 bats (D:3)
  A frilled lizard (D:1)
  A goblin zombie (D:10)
  2 hobgoblin zombies (D:10)
  8 kobolds
  A leopard gecko skeleton (D:5)
  A leopard gecko zombie (D:7)
  2 orc skeletons (D:10)
  14 orc zombies (D:10)
  A quokka skeleton (D:9)
  A quokka zombie (D:5)
  6 rats
  A fungus (D:5)
  2 plants
602 creatures vanquished.

Vanquished Creatures (others)
  A bush (Lair:5)
  3 fungi
  3 plants
7 creatures vanquished.

Grand Total: 609 creatures vanquished

Notes
Turn   | Place    | Note
-------+----------+-------------------------------------------
     0 | D:1      | Flugslaktarn the Minotaur Fighter began the quest for the
                  | Orb.
     0 | D:1      | Reached XP level 1. HP: 19/19 MP: 0/0
   124 | D:1      | Reached XP level 2. HP: 27/27 MP: 1/1
   243 | D:2      | Reached skill level 3 in Axes
   335 | D:2      | Found a hide-covered altar of Uskayaw.
   404 | D:3      | Reached XP level 3. HP: 31/33 MP: 2/2
   486 | D:3      | Reached XP level 4. HP: 14/40 MP: 3/3
   489 | D:3      | Reached skill level 4 in Axes
   807 | D:3      | Found an opulent altar of Gozag.
   869 | D:3      | Found a runed translucent gate.
   869 | D:3      | Found a runed translucent gate.
   869 | D:3      | Found a runed translucent gate.
   959 | D:3      | Became a worshipper of Gozag Ym Sagoz the Greedy
  1241 | D:3      | Reached XP level 5. HP: 45/47 MP: 4/4
  1501 | D:3      | Noticed Yorgos's ghost (amateur GnFi)
  1572 | D:4      | Found Botug's Antique Armour Boutique.
  1583 | D:4      | Reached skill level 5 in Axes
  1719 | D:4      | Noticed an ogre
  1720 | D:4      | Found a staircase to the Ecumenical Temple.
  2006 | D:4      | Killed an ogre
  2006 | D:4      | Reached skill level 5 in Fighting
  2006 | D:4      | Reached skill level 5 in Armour
  2006 | D:4      | Reached XP level 6. HP: 10/56 MP: 5/5
  2297 | D:4      | Reached skill level 5 in Shields
  2525 | D:4      | Noticed an orc warrior
  2549 | D:4      | Killed an orc warrior
  2549 | D:4      | Reached skill level 6 in Axes
  2549 | D:4      | Reached XP level 7. HP: 34/61 MP: 6/6
  3146 | D:5      | Entered Level 5 of the Dungeon
  3326 | D:5      | Reached skill level 7 in Axes
  3935 | D:5      | Reached XP level 8. HP: 64/70 MP: 7/7
  4198 | D:5      | Found a burning altar of Makhleb.
  4373 | D:5      | Found a runed translucent door.
  4374 | D:5      | Noticed Crazy Yiuf
  4379 | D:5      | Killed Crazy Yiuf
  4465 | D:6      | Found a snail-covered altar of Cheibriados.
  4521 | D:6      | Noticed Edmund
  4533 | D:6      | Killed Edmund
  4533 | D:6      | Reached skill level 8 in Axes
  4834 | D:6      | Reached skill level 9 in Axes
  4937 | D:6      | Noticed Menkaure
  4940 | D:6      | Noticed Eustachio
  4943 | D:6      | Killed Menkaure
  4956 | D:6      | Killed Eustachio
  4956 | D:6      | Reached XP level 9. HP: 67/79 MP: 8/8
  5151 | D:6      | Found a white marble altar of Elyvilon.
  5152 | D:6      | Found a shimmering altar of Xom.
  5153 | D:6      | Found a sparkling altar of Nemelex Xobeh.
  5153 | D:6      | Found an ornate altar of the Wu Jian Council.
  5154 | D:6      | Found a glowing golden altar of the Shining One.
  5397 | D:6      | Noticed Grinder
  5410 | D:6      | Killed Grinder
  5604 | D:7      | Reached skill level 10 in Axes
  5994 | D:7      | Found a blossoming altar of Fedhas.
  6075 | D:7      | Found a blossoming altar of Fedhas.
  6078 | D:7      | Found an ancient bone altar of Kikubaaqudgha.
  6346 | D:8      | Noticed a two-headed ogre
  6348 | D:8      | Noticed Psyche
  6383 | D:8      | Killed Psyche
  6385 | D:8      | Killed a two-headed ogre
  6385 | D:8      | Reached skill level 11 in Axes
  6385 | D:8      | Reached XP level 10. HP: 29/90 MP: 9/9
  6828 | D:8      | Noticed Harold
  6846 | D:8      | Killed Harold
  7214 | D:8      | Found a staircase to the Lair.
  7561 | D:8      | Noticed a two-headed ogre
  7575 | D:8      | Killed a two-headed ogre
  7575 | D:8      | Reached skill level 12 in Axes
  7945 | D:8      | Paralysed by a hornet for 3 turns
  8512 | D:9      | Reached XP level 11. HP: 99/99 MP: 10/10
  9220 | D:9      | Reached skill level 10 in Fighting
  9290 | D:10     | Entered Level 10 of the Dungeon
  9298 | D:10     | Reached skill level 10 in Armour
  9376 | D:10     | Killed an unseen horror
  9376 | D:10     | Reached skill level 13 in Axes
  9376 | D:10     | Reached skill level 10 in Shields
  9520 | D:10     | Killed an unseen horror
 10295 | D:10     | Found a staircase to the Orcish Mines.
 10747 | Lair:1   | Entered Level 1 of the Lair of Beasts
 11364 | Lair:1   | Noticed an oklob plant
 11703 | Lair:1   | Noticed an oklob plant
 11924 | Lair:2   | Noticed a four-headed hydra
 11926 | Lair:2   | Noticed a seven-headed hydra
 11932 | Lair:2   | Killed a one-headed hydra
 11938 | Lair:2   | Killed a three-headed hydra
 11938 | Lair:2   | Reached skill level 14 in Axes
 11949 | Lair:2   | Found a staircase to the Snake Pit.
 12607 | Lair:2   | Reached XP level 12. HP: 75/110 MP: 11/11
 12986 | Lair:2   | Found the +2 Maxwell's thermic engine {flame, freeze}
 13461 | Lair:3   | Noticed an eight-headed hydra
 13461 | Lair:3   | Noticed a four-headed hydra
 13474 | Lair:3   | Killed a one-headed hydra
 13477 | Lair:3   | Killed a two-headed hydra
 14379 | Lair:3   | Reached skill level 15 in Axes
 14833 | Lair:4   | Noticed Kirke
 14950 | Lair:3   | Killed Kirke
 15353 | Lair:4   | Found a transporter.
 15353 | Lair:4   | Found a transporter.
 15354 | Lair:4   | Noticed Abmis123's ghost (journeyman OpWn)
 15427 | Lair:4   | Noticed Nessos
 15450 | Lair:4   | Killed Nessos
 15585 | Lair:4   | Found a staircase to the Shoals.
 15888 | Lair:4   | Noticed Josephine
 15907 | Lair:4   | Killed Josephine
 16824 | Lair:5   | Found a runed translucent door.
 16825 | Lair:5   | Found a viscous altar of Jiyva.
 16827 | Lair:5   | Found a staircase to the Slime Pits.
 16882 | Lair:5   | Reached skill level 16 in Axes
 16882 | Lair:5   | Reached XP level 13. HP: 56/118 MP: 12/12
 17730 | Lair:4   | Killed Abmis123's ghost
 18830 | Orc:1    | Entered Level 1 of the Orcish Mines
 18878 | Orc:1    | Found Jad Tun's Distillery.
 18972 | Orc:1    | Bought a potion of mutation for 144 gold pieces
 18972 | Orc:1    | Bought a potion of heal wounds for 90 gold pieces
 18972 | Orc:1    | Bought a potion of might for 72 gold pieces
 19073 | Orc:2    | Entered Level 2 of the Orcish Mines
 19073 | Orc:2    | Found a staircase to the Elven Halls.
 19204 | Orc:2    | Reached skill level 17 in Axes
 20070 | Orc:2    | Reached XP level 14. HP: 92/129 MP: 13/13
 20459 | Orc:2    | Found Lopes's Antique Armour Boutique.
 20587 | Orc:2    | Found Pyzuhail's Food Emporium.
 20587 | Orc:2    | Found Itweesyph's Armour Boutique.
 20588 | Orc:2    | Found Zumian's Distillery.
 20588 | Orc:2    | Found Xihej's Antique Armour Shoppe.
 20596 | Orc:2    | Bought a potion of mutation for 112 gold pieces
 20596 | Orc:2    | Bought a potion of mutation for 112 gold pieces
 20596 | Orc:2    | Bought 2 potions of haste for 280 gold pieces
 20596 | Orc:2    | Bought a potion of haste for 140 gold pieces
 20596 | Orc:2    | Bought a potion of cancellation for 112 gold pieces
 20596 | Orc:2    | Bought a potion of haste for 140 gold pieces
 20596 | Orc:2    | Bought a potion of heal wounds for 70 gold pieces
 20597 | Orc:2    | Bought a shiny crystal plate armour for 2158 gold pieces
 20680 | Orc:2    | Found a shimmering altar of Xom.
 21140 | Orc:2    | Found Ruharo Pafu's Jewellery Emporium.
 21151 | Orc:2    | Bought the ring of Peovoe {rF+ MR+ SInv} for 449 gold
                  | pieces
 21692 | Orc:2    | Bought an uncursed ring of poison resistance for 260 gold
                  | pieces
 21849 | Snake:1  | Entered Level 1 of the Snake Pit
 21879 | Snake:1  | Reached skill level 18 in Axes
 23085 | Snake:3  | Found a large runed translucent door.
 23085 | Snake:3  | Found a large runed translucent door.
 23092 | Snake:3  | Noticed Ecerph's ghost (journeyman MiAK)
 23145 | Snake:4  | Entered Level 4 of the Snake Pit
 23160 | Snake:4  | Noticed a nagaraja
 23169 | Snake:4  | HP: 4/132 [naga sharpshooter/bolt (13)]
 23175 | Snake:3  | HP: 1/132 [naga sharpshooter/bolt (13)]
 23713 | Snake:4  | Killed a nagaraja
 24125 | Snake:4  | Reached XP level 15. HP: 112/139 MP: 14/14
 24127 | Snake:4  | Reached skill level 19 in Axes
 24480 | Snake:4  | Noticed a nagaraja
 24481 | Snake:4  | Noticed a nagaraja
 24516 | Snake:4  | Killed a nagaraja
 24516 | Snake:4  | Reached skill level 1 in Dodging
 24539 | Snake:4  | Killed a nagaraja
 25877 | Snake:4  | Noticed a nagaraja
 25891 | Snake:4  | Reached skill level 15 in Armour
 25891 | Snake:4  | Killed a nagaraja
 25891 | Snake:4  | Reached skill level 15 in Fighting
 25891 | Snake:4  | Reached skill level 15 in Shields
 25892 | Snake:4  | Noticed a nagaraja
 25901 | Snake:4  | Killed a nagaraja
 26317 | Snake:4  | Noticed a nagaraja
 26334 | Snake:4  | Killed a nagaraja
 26381 | Snake:4  | Reached skill level 5 in Dodging
 27804 | Snake:4  | Noticed a nagaraja
 27804 | Snake:4  | Noticed a nagaraja
 27814 | Snake:4  | Killed a nagaraja
 27817 | Snake:4  | Noticed a nagaraja
 27819 | Snake:4  | Killed a nagaraja
 27823 | Snake:4  | Noticed a nagaraja
 27831 | Snake:4  | Killed a nagaraja
 27831 | Snake:4  | Reached XP level 16. HP: 19/151 MP: 15/15
 28884 | Snake:4  | Got a serpentine rune of Zot
 29165 | Shoals:1 | Entered Level 1 of the Shoals
 29208 | Shoals:2 | Quit the game

Illustrated notes

Levels and vault maps discovered:
D:1:      scummos_arrival_star, layout_basic
D:2:      layout_rooms, nicolae_overflow_hidden_temple, tgw_kikubaaqudgha
D:3:      layout_basic, nicolae_gozag_seed_capital, ebering_ghost_rock_garden
D:4:      minmay_evil_eye, layout_rooms, minmay_temple_entry_fiery,
          first_ration, gup_ossuary_entry_pyramid, serial_shops, shop,
          guppyfry_early_orc_mine
D:5:      layout_basic, lemuel_coloured_pillars_altar,
          chequers_serial_rivers_large_a, zaba_anthole, uniq_crazy_yiuf_cottage
D:6:      layout_loops_ring, grunt_temple_overflow_open, basic_altar,
          uniq_grinder, uniq_eustachio, uniq_menkaure, uniq_edmund
D:7:      layout_rooms, grunt_temple_overflow_growth_and_decay, fedhas_altar_4
D:8:      layout_gridville, grunt_lair_entry_orc_guard_hut,
          hangedman_pestilent_swarm, minmay_fractal_squares_diagonal_5,
          uniq_harold, uniq_psyche
D:9:      layout_stronghold
D:10:     layout_long_grid, zombieorc1_lemuel
Lair:1:   layout_chaotic_city, serial_bayou_shore_a, grunt_megastairs_4,
          minmay_lair_oklob_chamber
Lair:2:   layout_regular_city, guppyfry_snake_entry_island, st_stairs_7,
          grunt_megastairs_1
Lair:3:   layout_small_grid, grunt_megastairs_2
Lair:4:   layout_gridlike, shoals_dummy_entry, gammafunk_ghost_hive,
          infiniplex_staircase_pool_2, uniq_josephine, uniq_nessos, uniq_kirke
Lair:5:   layout_misc_corridors, slime_altar_2, grunt_megastairs_3
Shoals:1: layout_shoals, nicolae_shoals_circle_sea_wall,
          nicolae_shoals_loop_pool
Shoals:2: layout_shoals, serial_shops, shop, st_cyclops
Snake:1:  layout_basic, hangedman_snake_wide_pillar_pass, serial_bayou_shore_b,
          lemuel_fruit_tree
Snake:2:  layout_onion_interference, drop_trap, nicolae_snake_biting_tails,
          nicolae_snake_serpentine_hallways, lemuel_oklob_altar, uniq_donald
Snake:3:  layout_onion_interference, ebering_ghost_disaster_area
Snake:4:  grunt_snake_rune_spirals, layout_onion_interference
Orc:1:    layout_caves, serial_shops, nicolae_shop_crystal, mines4_lemuel
Orc:2:    st_orc_ogre_mass, layout_caves, basic_altar, serial_shops, shop,
          nicolae_shop_crystal

Skill      XL: |  1  2  3  4  5  6  7  8  9 10 11 12 13 14 15 16 |
---------------+-------------------------------------------------+-----
Axes           | 3 4 5 6 7 9 11 12 14 16 17 18 19 | 19.0
Fighting       | 4 5 6 7 8 9 11 12 13 14 15 16 | 16.3
Armour         | 4 5 6 7 8 9 11 12 13 14 15 16 | 16.4
Shields        | 4 5 6 7 8 9 11 12 13 14 15 | 15.0
Dodging        | 6 8 |  8.1

Action                   |  1- 3 |  4- 6 |  7- 9 | 10-12 | 13-15 | 16-18 || total
-------------------------+-------+-------+-------+-------+-------+-------++-------
Melee: War axe           |    38 |   133 |   297 |   611 |  1127 |   138 ||  2344
       Headbutt          |     3 |    24 |    52 |   154 |   260 |    39 ||   532
       Unarmed           |       |       |       |    12 |       |       ||    12
Invok: Potion Petition   |       |     1 |       |     2 |     8 |       ||    11
Evoke: Wand              |       |       |       |     2 |     2 |       ||     4
  Use: Scroll            |       |     6 |     6 |    11 |     9 |     2 ||    34
       Potion            |       |     3 |       |     1 |    17 |     1 ||    22
 Stab: Distracted        |       |       |       |     1 |     8 |     2 ||    11
       Sleeping          |       |       |       |       |     3 |       ||     3
       Invisible         |       |       |       |       |     1 |       ||     1
  Eat: Chunk             |       |     1 |       |       |       |       ||     1
       Ration            |       |     1 |     4 |    10 |    11 |     1 ||    27
Armor: Scale mail        |    16 |    25 |       |       |       |       ||    41
       Plate armour      |       |    49 |   141 |   325 |   128 |       ||   643
       Crystal plate arm |       |       |       |       |   382 |    57 ||   439
Dodge: Dodged            |     9 |    36 |    47 |   116 |   160 |    31 ||   399
Block: Kite shield       |    19 |    78 |   141 |   301 |   597 |    82 ||  1218

Table legend:
 A = Non-vault XP
 B = Vault XP
 C = Vault XP percentage of total XP
 D = Non-vault monster count
 E = Vault monster count
 F = Vault count percentage of total count
                 A         B        C        D         E       F
            +---------+---------+-------+---------+---------+-------
      Total |   77815 |   95470 |  55.1 |     366 |     233 |  38.9
            +---------+---------+-------+---------+---------+-------
        D:1 |      14 |       0 |   0.0 |      10 |       0 |   0.0
        D:2 |       6 |       0 |   0.0 |       4 |       0 |   0.0
        D:3 |     238 |       0 |   0.0 |      31 |       0 |   0.0
        D:4 |     445 |     291 |  39.5 |      22 |      10 |  31.2
        D:5 |     438 |     175 |  28.5 |      15 |       5 |  25.0
        D:6 |    1127 |     831 |  42.4 |      18 |       4 |  18.2
        D:7 |     781 |       0 |   0.0 |      12 |       0 |   0.0
        D:8 |    1875 |    4064 |  68.4 |      21 |      16 |  43.2
        D:9 |    1757 |       0 |   0.0 |      27 |       0 |   0.0
       D:10 |    3164 |     692 |  17.9 |      21 |      29 |  58.0
     Lair:1 |     642 |     658 |  50.6 |       5 |       2 |  28.6
     Lair:2 |    4658 |    1332 |  22.2 |      11 |       6 |  35.3
     Lair:3 |    2563 |    4480 |  63.6 |      13 |       5 |  27.8
     Lair:4 |    2028 |    6789 |  77.0 |      10 |      21 |  67.7
     Lair:5 |   10533 |     193 |   1.8 |      22 |       1 |   4.3
   Shoals:1 |     271 |       0 |   0.0 |       1 |       0 |   0.0
    Snake:1 |    8733 |       0 |   0.0 |      18 |       0 |   0.0
    Snake:2 |    3731 |       0 |   0.0 |       9 |       0 |   0.0
    Snake:3 |    3824 |       0 |   0.0 |       5 |       0 |   0.0
    Snake:4 |   22208 |   59146 |  72.7 |      39 |      86 |  68.8
      Orc:1 |    3659 |     637 |  14.8 |      23 |      12 |  34.3
      Orc:2 |    5120 |   16182 |  76.0 |      29 |      36 |  55.4
            +---------+---------+-------+---------+---------+-------
